 Dungeon Crawl Stone Soup version 0.21.1-1-g345015f (webtiles) character file.

230 wojakson the Cudgeler (level 5, -3/45 HPs)
             Began as a Minotaur Berserker on Mar 12, 2018.
             Was a Priest of Trog.
             Slain by an ooze (4 damage)
             ... on level 4 of the Dungeon.
             The game lasted 00:06:19 (2029 turns).

wojakson the Cudgeler (Minotaur Berserker)          Turns: 2029, Time: 00:06:20

Health: -3/45      AC: 12    Str: 22      XL:     5   Next: 72%
Magic:  4/4        EV:  7    Int:  3 (4)  God:    Trog [***...]
Gold:   112        SH:  0    Dex:  9 (10) Spells: 4/4 levels left

rFire    . . .     SeeInvis .   a - +0 mace
rCold    . . .     Gourm    .   (no shield)
rNeg     . . .     Faith    .   e - +0 plate armour
rPois    .         Spirit   .   (helmet restricted)
rElec    .         Reflect  .   f - +0 cloak
rCorr    .         Harm     .   (no gloves)
MR       .....                  (no boots)
Stlth    ..........             (no amulet)
HPRegen  0.15/turn              (no ring)
MPRegen  0.09/turn              (no ring)

@: lethally poisoned (-3 -> -25), about to teleport, berserk cooldown, slowed,
very slow
A: retaliatory headbutt, horns 2
a: Berserk, Trog's Hand, Burn Spellbooks, Renounce Religion


You were on level 4 of the Dungeon.
You worshipped Trog.
Trog was most pleased with you.
You were hungry.

You visited 1 branch of the dungeon, and saw 3 of its levels.

You collected 112 gold pieces.

Inventory:

Hand Weapons
 a - a +0 mace (weapon)
Armour
 b - a +0 animal skin
 e - a +0 plate armour (worn)
 f - a +0 cloak (worn)
Scrolls
 d - a scroll of identify
 g - 2 scrolls of remove curse
Potions
 h - a potion of heal wounds {unknown}


   Skills:
 - Level 3.6 Fighting
 * Level 7.8 Maces & Flails
 - Level 2.4 Armour
 - Level 2.1 Dodging
 + Level 0.4 Stealth


You had 4 spell levels left.
You didn't know any spells.

Dungeon Overview and Level Annotations

Branches:
Dungeon (2/15)

Altars:
Wu Jian


Innate Abilities, Weirdness & Mutations

You reflexively headbutt those who attack you in melee.
You have a pair of horns on your head.


Message History

You feel sick. The ooze hits you but does no damage.
The orc hits you but does no damage.
The worker ant bites you but does no damage.
A slave comes into view.
Your plate armour prevents you from hitting the worker ant.
Your headbutt misses the worker ant.
You are no longer berserk.
Trog's vigour flows through your veins.
You are exhausted.
You feel yourself slow down.
* * * LOW HITPOINT WARNING * * *
You feel sick. The ooze hits you but does no damage.
The worker ant barely misses you. The orc hits you but does no damage.
As you read the scroll of teleportation, it crumbles to dust.
You feel strangely unstable.
* * * LOW HITPOINT WARNING * * *
You feel very sick.
The worker ant bites you but does no damage.
The ooze hits you.
You die...

.. #. . #.####
.. #....## .
#.##.[...## ..
.#.........##...
................
#.###.......#...
# ##.))@a## ..
#..Jpo#
#.......#
#......p#
#....%....
##.....#.##
##...##.# .....
.#


You could see 2 slaves, a worker ant, an ooze and an orc.

Vanquished Creatures
  An orc wizard (D:2)
  2 orc priests (D:4)
  6 adders (D:2)
  2 worms (D:2)
  3 dart slugs
  3 leopard geckos (D:1)
  6 orcs
  4 giant cockroaches
  A goblin (D:1)
  6 hobgoblins
  7 jackals
  10 kobolds
  A quokka (D:2)
  4 bats
  6 frilled lizards (D:1)
  9 rats
71 creatures vanquished.

Notes
Turn   | Place    | Note
-------+----------+-------------------------------------------
     0 | D:1      | wojakson the Minotaur Berserker began the quest for the Orb.
     0 | D:1      | Reached XP level 1. HP: 19/19 MP: 0/0
   187 | D:1      | Reached skill level 4 in Maces & Flails
   217 | D:1      | Reached XP level 2. HP: 12/26 MP: 1/1
   477 | D:1      | Reached ** piety under Trog
   511 | D:1      | Reached skill level 5 in Maces & Flails
   613 | D:1      | Reached XP level 3. HP: 31/31 MP: 2/2
   979 | D:2      | Reached XP level 4. HP: 35/39 MP: 3/3
   991 | D:2      | Reached skill level 6 in Maces & Flails
  1399 | D:2      | Reached XP level 5. HP: 42/45 MP: 4/4
  1476 | D:2      | Reached skill level 7 in Maces & Flails
  1668 | D:2      | Found an ornate altar of the Wu Jian Council.
  1716 | D:2      | Reached *** piety under Trog
  2008 | D:2      | You fall through a shaft for 2 floors!
  2024 | D:4      | Noticed a slave
  2028 | D:4      | Noticed a slave
  2029 | D:4      | HP: 1/45 [poisoned by an orc]
  2029 | D:4      | Slain by an ooze

Skill      XL: |  1  2  3  4  5 |
---------------+----------------+-----
Maces & Flails | 4 5 6 7 |  7.8
Fighting       | |  3.6
Armour         | |  2.4
Dodging        | |  2.1
Stealth        | |  0.4

Action                   |  1- 3 |  4- 6 || total
-------------------------+-------+-------++-------
Melee: Mace              |    88 |    91 ||   179
       Headbutt          |    13 |     6 ||    19
Invok: Berserk           |     1 |     1 ||     2
  Use: Scroll            |     2 |     1 ||     3
       Potion            |     2 |       ||     2
  Eat: Chunk             |     1 |     1 ||     2
       Ration            |       |     1 ||     1
Armor: Animal skin       |    11 |       ||    11
       Plate armour      |    19 |    67 ||    86
Dodge: Dodged            |    39 |    32 ||    71
